 Dungeon Crawl Stone Soup version 0.30.0-29-ga12c61a403 (webtiles) character file.

Game seed: 3558705714454927441

114 McKennaii the Caller (level 4, -4/33 HPs)
             Began as a Demigod Summoner on June 8, 2023.
             Killed by divine providence
             ... invoked by an orc priest
              (15 damage)
             ... on level 3 of the Dungeon.
             The game lasted 00:05:23 (2832 turns).

McKennaii the Caller (Demigod Summoner)             Turns: 2832, Time: 00:05:24

Health: -4/33      AC:  3    Str:  9    XL:     4   Next: 41%
Magic:  6/10       EV: 12    Int: 21    God:
Gold:   139        SH:  0    Dex: 14    Spells: 5/8 levels left

rFire   . . .        o - +2 short sword (vamp)
rCold   . . .        (no shield)
rNeg    . . .        a - +0 robe
rPois   .            k - +0 helmet
rElec   .            (no cloak)
rCorr   .            (no gloves)
SInv    .            (no boots)
Will    .....        p - amulet of regeneration
Stlth   ++           (no ring)
HPRegen 1.05/turn    (no ring)
MPRegen 0.12/turn

%: no passive effects
@: no status effects
A: high MP 1, forlorn, divine attributes
a: no special abilities


You were on level 3 of the Dungeon.
You visited 1 branch of the dungeon, and saw 4 of its levels.

You collected 139 gold pieces.

Inventory:

Hand Weapons
 o - a +2 vampiric short sword (weapon)
Armour
 a - a +0 robe (worn)
 c - a +2 scale mail of willpower
 k - a +0 helmet (worn)
Jewellery
 p - an amulet of regeneration (around neck)
Scrolls
 d - 3 scrolls of enchant weapon {unknown}
 e - 2 scrolls of brand weapon {unknown}
 f - 2 scrolls of identify {unknown}
 g - 2 scrolls of teleportation {unknown}
 i - a scroll of fear {unknown}
 j - a scroll of noise {unknown}
 q - a scroll of silence {unknown}
 u - a scroll of vulnerability {unknown}
Potions
 b - a potion of magic
 h - a potion of ambrosia {unknown}
 l - 2 potions of flight {unknown}
 m - 2 potions of lignification {unknown}
 n - 2 potions of haste {unknown}
 r - a potion of degeneration {unknown}
 s - a potion of curing
 t - a potion of invisibility {unknown}


   Skills:
 + Level 2.7 Dodging
 - Level 2.5 Stealth
 + Level 2.6 Spellcasting
 + Level 4.2 Summonings


You had 5 spell levels left.
You knew the following spells:

 Your Spells              Type           Power      Damage    Failure   Level
a - Summon Small Mammal   Summ           80%        N/A       2%          1
b - Call Imp              Summ           40%        N/A       3%          2

Your spell library contained the following spells:

 Spells                   Type           Power      Damage    Failure   Level
 Call Canine Familiar     Summ           20%        N/A       8%          3
 Apportation              Tloc           4%         N/A       14%         1
 Summon Guardian Golem    Hex/Summ       11%        N/A       17%         3
 Blink                    Tloc           4%         N/A       22%         2
 Cigotuvi's Dreadful Rot  Necr/Pois/Air  4%         N/A       22%         2
 Ignite Poison            Fire/Tmut/Pois 2%         N/A       38%         3
 Spider Form              Tmut/Pois      2%         N/A       38%         3
 Summon Lightning Spire   Summ/Air       11%        N/A       50%         4
 Manifold Assault         Tloc           2%         N/A       80%         4
 Alistair's Intoxication  Tmut/Pois      1%         N/A       98%         5
 Storm Form               Tmut/Air       1%         N/A       100%        7


Dungeon Overview and Level Annotations

Branches:
Dungeon (4/15)
 Temple: D:4-7


Innate Abilities, Weirdness & Mutations

You have an increased reservoir of magic. (+10% MP)
You shall have no god before yourself.
Your divine heritage dramatically boosts your attributes as you level up.


Message History

Pain shoots through your body!
The orc hits you with a +3 hand axe of freezing!
The orc freezes you.
You climb upwards.
Your summoned ally is left behind.
There is a stone staircase leading down here.
You are too injured to fight recklessly!
Unknown command.
Casting: Call Imp (safe; 3% risk of failure)
Confirm with . or Enter, or press ? or * to list all spells.
The orc closely misses you.
The orc hits your quokka but does no damage.
The orc priest completely misses you.
Unknown command.
Casting: Summon Small Mammal (safe; 2% risk of failure)
Confirm with . or Enter, or press ? or * to list all spells.
A tiny devil pulls itself out of the air.
Your quokka barely misses the orc priest.
The orc priest miscasts a cantrip.
The orc hits you with a +3 hand axe of freezing.
The orc freezes you.
* * * LOW HITPOINT WARNING * * *
The orc barely misses your quokka.
The orc hits your cerulean imp with a +3 hand axe of freezing.
The orc freezes your cerulean imp.
Unknown command.
You hit the orc.
You feel better.
The orc is severely wounded.
Your quokka bites the orc priest but does no damage.
The orc misses you.
The orc hits your quokka but does no damage.
The orc hits your cerulean imp with a +3 hand axe of freezing.
The orc freezes your cerulean imp. The orc priest hits you with a +0 club.
Your cerulean imp hits the orc but does no damage.
Unknown command.
You hit the orc.
You kill the orc!
Your quokka bites the orc priest but does no damage.
The orc priest mumbles some strange prayers to Beogh against you.
Beogh smites you!
You die...

####........####........[...#
#..
######...#########.##.##.###..
#.....## ##.#.........#
#..##..# #..#.........#
#########..###.#
###.##.........# ...........#
#.###...##.........#
##########.#
#5......##.(.......# #<##
#)####)o#...##.........# )).#
#.....r@#...##..)รท.....# ####
#########..............#
.###############
####...........#
.....[.........# #...........#
.#############.# #....########
.# #.# #....# .# #.# #....# .#
#.# #....# .# #.# ######


You could see an orc priest (ally target), a friendly cerulean imp (summoned)
and a friendly quokka (summoned).

Vanquished Creatures
  An adder (D:2)
  2 orcs (D:3)
  A bat (D:2)
  3 endoplasms (D:2)
  2 giant cockroaches
  2 goblins (D:3)
  2 hobgoblins
  3 jackals
  A frilled lizard (D:2)
  4 kobolds
21 creatures vanquished.

Vanquished Creatures (collateral kills)
  Robin (D:3)
  2 adders
  A dart slug (D:1)
  2 orcs (D:3)
  3 ball pythons
  5 endoplasms
  A giant cockroach (D:2)
  6 goblins
  5 hobgoblins
  4 jackals
  3 quokkas
  3 bats
  2 frilled lizards (D:1)
  4 kobolds
  3 rats
45 creatures vanquished.

Grand Total: 66 creatures vanquished

Notes
Turn   | Place    | Note
-------+----------+-------------------------------------------
     0 | D:1      | McKennaii the Demigod Summoner began the quest for the Orb.
     0 | D:1      | Reached XP level 1. HP: 14/14 MP: 5/5
   441 | D:1      | Reached XP level 2. HP: 20/20 MP: 4/7
  1241 | D:2      | Reached XP level 3. HP: 11/26 MP: 6/8
  1612 | D:2      | Got Sif Muna's Thoughts on the Black Widow
  1725 | D:2      | Reached skill level 4 in Summonings
  2021 | D:3      | Learned a level 2 spell: Call Imp
  2480 | D:3      | Noticed Robin
  2482 | D:3      | Reached XP level 4. HP: 33/33 MP: 7/10
  2494 | D:3      | Killed Robin
  2832 | D:3      | Killed from afar by an orc priest

Illustrated notes

Levels and vault maps discovered:
D:1:      dpeg_arrival_radiant, layout_basic, dreamdust_ecumenical_altar_grove,
          minivault_27, minmay_bisected
D:2:      layout_basic, interstate_on_off
D:3:      layout_basic, uniq_robin
D:4:      layout_rooms, mainiacjoe_overflow_catwalk,
          minmay_temple_entry_enclosed_plants, lexackson_kobold_supper,
          uniq_crazy_yiuf_cottage

Skill      XL: |  1  2  3 |
---------------+----------+-----
Stealth        | 2 |  2.5
Dodging        | 2 |  2.7
Spellcasting   | 2 |  2.6
Summonings     | 4 |  4.2

Action                     |  1- 3 |  4- 6 || total
---------------------------+-------+-------++-------
  Melee: Unarmed           |    31 |       ||    31
         Dagger            |    64 |       ||    64
         Short sword       |     9 |    11 ||    20
         Punch             |     1 |       ||     1
   Cast: Summon Small Mamm |    67 |     1 ||    68
         Call Imp          |    11 |     6 ||    17
    Use: Potion            |     1 |       ||     1
   Stab: Distracted        |     3 |       ||     3
         Sleeping          |     3 |     1 ||     4
 Armour: Robe              |    26 |     2 ||    28
  Dodge: Dodged            |    75 |    11 ||    86
